 Seeded DCSS version 0.30-a0-881-g1ff12e1e11 (webtiles) character file.

Game seed: 5052877042660457288 (custom seed)

76 bmack86 the Shield-Bearer (level 4, -7/40 HPs)
             Began as a Minotaur Fighter on Mar 14, 2023.
             Mangled by a gnoll
             ... wielding a +0 flail
              (15 damage)
             ... on level 3 of the Dungeon.
             The game lasted 00:04:02 (1249 turns).

bmack86 the Shield-Bearer (Minotaur Fighter)        Turns: 1249, Time: 00:04:03

Health: -7/40      AC:  9    Str: 23    XL:     4   Next: 12%
Magic:  3/3        EV:  5    Int:  5    God:
Gold:   115        SH:  0    Dex:  9    Spells: 3/3 levels left

rFire   . . .      SeeInvis .    a - +0 war axe
rCold   . . .      Faith    .    c - +0 buckler
rNeg    . . .      Spirit   .    b - +0 scale mail
rPois   .          Reflect  .    (helmet restricted)
rElec   .          Rampage  .    m - +0 cloak
rCorr   .                        p - +0 pair of gloves
Will    .....                    (no boots) Stlth
                                 (no amulet)
HPRegen 0.26/turn                (no ring)
MPRegen 0.08/turn                (no ring)

@: mighty, held
A: horns 2, retaliatory headbutt
a: no special abilities


You were on level 3 of the Dungeon.
You visited 1 branch of the dungeon, and saw 3 of its levels.

You collected 115 gold pieces.

Inventory:

Hand Weapons
 a - a +0 war axe (weapon)
Armour
 b - a +0 scale mail (worn)
 c - a +0 buckler (worn)
 e - a +0 tower shield
 m - a +0 cloak (worn)
 p - a +0 pair of gloves (worn)
Jewellery
 g - a ring of wizardry
 r - a ring of protection from cold
Wands
 k - a wand of flame (21)
Scrolls
 f - 2 scrolls of blinking {unknown}
 h - 2 scrolls of noise {unknown}
 j - 2 scrolls of teleportation {unknown}
 n - a scroll of immolation {unknown}
Potions
 d - a potion of might
 i - a potion of haste
 l - a potion of magic {unknown}
 o - a potion of curing {unknown}
 q - a potion of heal wounds {unknown}


   Skills:
 + Level 4.2 Fighting
 * Level 3.8 Axes
 + Level 4.2 Armour
 + Level 4.2 Shields


You had 3 spell levels left.
You didn't know any spells.
Your spell library was empty.

Dungeon Overview and Level Annotations

Branches:
Dungeon (3/15)

Altars:
Makhleb


Innate Abilities, Weirdness & Mutations

You have a pair of horns on your head.
You reflexively headbutt those who attack you in melee.


Message History

The gnoll is moderately wounded.
The gnoll hits you but does no damage. The gnoll completely misses you.
You furiously retaliate!
You headbutt the gnoll, but do no damage.
You closely miss the gnoll. You headbutt the gnoll.
The gnoll is severely wounded.
The gnoll hits you but does no damage.
A gnoll comes into view. It is wielding a +0 spear.
The gnoll hits you with a +0 club.
You hit the gnoll.
The gnoll is severely wounded.
You block the gnoll's attack. x2; The gnoll drinks a potion.
The gnoll seems to grow stronger.
The ball python bites you but does no damage.
The ball python grabs you. The ball python constricts you.
You feel very mighty all of a sudden. The gnoll hits you with a +0 club.
The ball python bites you. The ball python constricts you.
You block the gnoll's attack.
You closely miss the gnoll.
The gnoll is severely wounded.
You closely miss the kobold. You slash the ball python!
You kill the ball python!
The gnoll hits you with a +0 club. The kobold closely misses you.
The gnoll closely misses you.
You slash the gnoll!
You kill the gnoll!
You hit the gnoll. You slash the kobold!
You kill the kobold!
You barely miss the gnoll. The gnoll hits you with a +0 club.
The gnoll misses you. The gnoll hits you but does no damage.
The gnoll hits you with a +0 flail!
* * * LOW HITPOINT WARNING * * *
The gnoll throws a throwing net.
The throwing net hits you.
You become entangled in the net!
You have reached level 4!
You feel stronger.
You struggle against the net.
The gnoll hits you with a +0 club.
* * * LOW HITPOINT WARNING * * *
The gnoll hits you with a +0 flail!
You die...

#.....(........#...#..
#..............#...#..
#..................#..
#.....................
#........).÷...≈§..###
##..............§...###
##...............≈......
#..........#..<..≈.###.#
......)@...##......#####
......g)g######.....#
......g..# ###...####
.$.......# ###.(...
.........# #####.
.........# #. .........#
#. .........# #. #.


You could see 3 gnolls.

Vanquished Creatures
  A gnoll (D:3)
  3 adders
  A worm (D:2)
  2 dart slugs (D:1)
  3 endoplasms
  2 goblins (D:1)
  3 hobgoblins
  3 jackals (D:2)
  2 quokkas
  3 ball pythons
  3 bats (D:2)
  4 kobolds
  4 rats
34 creatures vanquished.

Notes
Turn   | Place    | Note
-------+----------+-------------------------------------------
     0 | D:1      | bmack86 the Minotaur Fighter began the quest for the Orb.
     0 | D:1      | Reached XP level 1. HP: 19/19 MP: 0/0
   215 | D:1      | Reached XP level 2. HP: 26/27 MP: 1/1
   293 | D:1      | You fall into a shaft and drop 1 floor!
   729 | D:2      | Reached XP level 3. HP: 33/33 MP: 2/2
   820 | D:2      | Found a faded altar of an unknown god.
  1032 | D:3      | Found a burning altar of Makhleb.
  1249 | D:3      | Reached XP level 4. HP: 11/40 MP: 3/3
  1249 | D:3      | Mangled by a gnoll

Illustrated notes

Levels and vault maps discovered:
D:1:      scummos_arrival_simple_fountains, layout_rooms,
          palyth_stone_intersect, hangedman_decor_points
D:2:      layout_rooms, shapermc_ecumenical_altar_venn
D:3:      layout_rooms, nicolae_qazlal_general_emergency,
          mainiacjoe_overflow_boulevard, grunt_ministairs_5, item_on_display_a

Skill      XL: |  1  2  3 |
---------------+----------+-----
Axes           | 3 |  3.8
Armour         | 4 |  4.2
Shields        | 4 |  4.2
Fighting       | 4 |  4.2

Action                     |  1- 3 |  4- 6 || total
---------------------------+-------+-------++-------
  Melee: War axe           |    57 |       ||    57
         Headbutt          |    10 |       ||    10
    Use: Scroll            |     1 |       ||     1
         Potion            |     1 |       ||     1
 Armour: Scale mail        |    37 |       ||    37
  Dodge: Dodged            |    31 |       ||    31
  Block: Buckler           |    15 |       ||    15

Table legend: (Time is in decaauts)
 A = Elapsed time spent in this place.
 B = Non-inter-level travel time spent in this place.
 C = Inter-level travel time spent in this place.
 D = Time resting spent in this place.
 E = Time spent auto-exploring this place.
 F = Levels seen in this place.
 G = Mean time per level.
                   A        B        C        D        E       F      G
               +--------+--------+--------+--------+--------+-----+--------+
         Total |   1270 |   1225 |     45 |      0 |    632 |   3 |  423.3 |
       Dungeon |   1270 |   1225 |     45 |      0 |    632 |   3 |  423.3 |
               +--------+--------+--------+--------+--------+-----+--------+

Top non-repeatable levels by time:
     D:2: 509 daAuts
     D:1: 508 daAuts
     D:3: 251 daAuts
